AoeStats
← DRx5837

Arabian Desert

510534123Analyzed
1v1 RM · 9h ago on Oct 1, 2026· 37m 51s· 2 players
Game mode
Random Map
Map size
Tiny (2 player)
Population
200
Speed
Normal
Resources
Standard
Victory
Conquest
Starting age
Dark Age
Ending age
Imperial Age
RankedLock teamsTeams togetherTeam positionsShared explorationLock speedFull tech treeHidden civsTurbo modeCheats
Victory
Defeat
🇦🇷 Magyars · Argentina
1359
+16
🇨🇭 Tatars · Switzerland
1350
-16
DRx5837
6:38 Loom
9:22 Feudal Age
12:02 Double-Bit Axe
13:49 Horse Collar
17:10 Wheelbarrow
20:22 Scale Barding Armor
22:24 Castle Age
21:26 Forging
22:58 Fletching
22:44 Crossbowman
23:58 Bodkin Arrow
29:31 Bloodlines
29:56 Bow Saw
35:58 Town Watch
KUKA TIRA PIEDRA
6:44 Loom
9:42 Feudal Age
10:16 Double-Bit Axe
11:09 Horse Collar
19:35 Wheelbarrow
20:03 Scale Barding Armor
22:36 Castle Age
20:47 Gold Mining
21:01 Fletching
21:45 Padded Archer Armor
22:45 Crossbowman
23:31 Thumb Ring
25:46 Bow Saw
27:06 Bodkin Arrow
38:06 Bloodlines
38:05 Heavy Plow
Connection lost

Rejoining the realm…

Still unreachable

The connection could not be restored.

Session expired

The server has moved on; the page needs a fresh start.